 Dungeon Crawl Stone Soup version 0.30-a0-996-ga6910c8ee8 (webtiles) character file.

Game seed: 5295186942954307011

198115 testman the Scorcher (level 17, -1/158 HPs)
             Began as a Red Draconian Conjurer on Apr 3, 2023.
             Was a High Priest of Ashenzari.
             Slain by a manticore (4 damage)
             ... while petrified
             ... on level 4 of the Shoals on Apr 4, 2023.
             The game lasted 03:37:43 (43457 turns).

testman the Scorcher (Red Draconian Conjurer)      Turns: 43457, Time: 03:37:44

Health: -1/158     AC: 20    Str: 10    XL:     17   Next: 80%
Magic:  14/35      EV:  2    Int: 26    God:    Ashenzari [*****.]
Gold:   2805       SH:  0    Dex: 10    Spells: 1/45 levels left

rFire   + . .      SeeInvis +    B - staff of air of the Eternal Sun (curse) {rElec, Comp, Cun} (curse)
rCold   . . .      Faith    .    Z - +2 kite shield "Shattered Bad Feelings" {AC+3, Comp, Cun} (curse)
rNeg    + + +      Spirit   .    (body armour unavailable)
rPois   ∞          Reflect  .    (helmet restricted)
rElec   +          Rampage  .    i - +2 cloak of the Shattered Ordeal {Self, Elem} (curse)
rCorr   .          Clarity  +    J - +1 pair of gloves of Ashenzari's Prison {Range, Elem} (curse)
Will    +....                    R - +2 pair of boots of Ashenzari's Irritation {Melee, Range} (curse)
Stlth   ++                       W - amulet "Repose of Ashenzari" {RegenMP, Cun, Self} (curse)
HPRegen 0.46/turn                I - ring "Ruined Sorrow" {EV+5, Melee, Alch} (curse)
MPRegen 0.64/turn                O - ring of the Astral Augur {Wiz, Fort, Evo} (curse)

@: petrified, spiked, held
A: breathe fire, AC +9, unfitting armour, fire resistance 1, cold-blooded
}: 1/15 runes: serpentine
a: Breathe Fire, Renounce Religion, Curse Item, Shatter the Chains


You were on level 4 of the Shoals.
You worshipped Ashenzari.
Ashenzari was extremely pleased with you.
You visited 6 branches of the dungeon, and saw 31 of its levels.
You also visited: Sewer, Ossuary and Gauntlet.

You collected 3585 gold pieces.
You spent 780 gold pieces at shops.

Inventory:

Missiles
 c - 3 boomerangs of dispersal
 n - 3 silver javelins
 q - 7 curare-tipped darts
 y - 3 silver boomerangs
 N - 4 throwing nets
 P - 2 javelins
Armour
 i - the cursed +2 cloak of the Shattered Ordeal (worn) {Self, Elem}
   (You found it in a sewer)

   It has a curse which improves the following skills: Introspection: Fighting
   and Spellcasting.
   Elements:  Fire Magic, Ice Magic, Air Magic and Earth Magic.
 J - the cursed +1 pair of gloves of Ashenzari's Prison (worn) {Range, Elem}
   (You found it on level 5 of the Dungeon)

   It has a curse which improves the following skills: Ranged Combat: Ranged
   Weapons and Throwing.
   Elements:  Fire Magic, Ice Magic, Air Magic and Earth Magic.
 R - the cursed +2 pair of boots of Ashenzari's Irritation (worn) {Melee, Range}
   (You found it on level 2 of the Lair of Beasts)

   It has a curse which improves the following skills: Melee Combat: Short
   Blades, Long Blades, Axes, Maces & Flails, Polearms, Staves and Unarmed
   Combat.
   Ranged Combat: Ranged Weapons and Throwing.
 Z - the cursed +2 kite shield "Shattered Bad Feelings" (worn) {AC+3, Comp, Cun}
   (You took it off a naga warrior on level 3 of the Snake Pit)

   It has a curse which improves the following skills: Companions: Summonings
   and Necromancy.
   Cunning:   Dodging and Stealth.
Magical Staves
 e - the staff of conjuration "Oluotani" {*Corrode rElec MP+9}
   (You found it in a Gauntlet)

   [staff of conjuration]

   Base accuracy: +5 Base damage: 5 Base attack delay: 1.2 This weapon's minimum
   attack delay (0.6) is reached at skill level 12.
   rElec:     It insulates you from electricity.
   MP:        It affects your magic capacity (+9).
   *Corrode:  It may corrode you when you take damage.
   It falls into the 'Staves' category.
   It is a one-handed weapon.
 B - the cursed staff of air of the Eternal Sun (weapon) {rElec, Comp, Cun}
   (You found it on level 5 of the Lair of Beasts)

   [staff of air]

   Base accuracy: +5 Base damage: 5 Base attack delay: 1.2 This weapon's minimum
   attack delay (0.6) is reached at skill level 12.
   rElec:     It insulates you from electricity.
   It falls into the 'Staves' category.
   It is a one-handed weapon.
   It has a curse which improves the following skills: Companions: Summonings
   and Necromancy.
   Cunning:   Dodging and Stealth.
Jewellery
 I - the cursed ring "Ruined Sorrow" (left hand) {EV+5, Melee, Alch}
   (You found it on level 4 of the Dungeon)

   [ring of evasion]

   EV:        It affects your evasion (+5).
   It has a curse which improves the following skills: Melee Combat: Short
   Blades, Long Blades, Axes, Maces & Flails, Polearms, Staves and Unarmed
   Combat.
   Alchemy:   Poison Magic and Transmutations.
 O - the cursed ring of the Astral Augur (right hand) {Wiz, Fort, Evo}
   (You found it on level 8 of the Dungeon)

   [ring of wizardry]

   It improves your spell success rate.
   It has a curse which improves the following skills: Fortitude: Shields.
   Evocations: Evocations.
 W - the cursed amulet "Repose of Ashenzari" (around neck) {RegenMP, Cun, Self}
   (You took it off a naga ritualist on level 3 of the Snake Pit)

   [amulet of magic regeneration]

   It increases your rate of magic regeneration.
   It has a curse which improves the following skills: Cunning: Dodging and
   Stealth.
   Introspection: Fighting and Spellcasting.
Wands
 a - a wand of flame (61)
 w - a wand of mindburst (5)
 x - a wand of digging (9)
 S - a wand of roots (12)
 T - a wand of charming (11)
 V - a wand of polymorph (2)
 Y - a wand of acid (11)
Scrolls
 b - 13 scrolls of teleportation
 h - 7 scrolls of blinking
 j - 4 scrolls of poison
 l - 7 scrolls of enchant weapon
 m - 6 scrolls of magic mapping
 o - 3 scrolls of summoning
 s - 3 scrolls of fear
 u - 10 scrolls of fog
 C - 2 scrolls of enchant armour
 E - 6 scrolls of immolation
 F - 2 scrolls of silence
 K - 3 scrolls of amnesia
 X - a scroll of brand weapon
Potions
 d - 2 potions of resistance
 f - 4 potions of mutation
 g - 5 potions of brilliance
 k - 2 potions of might
 p - 6 potions of lignification
 r - a potion of magic
 t - 3 potions of flight
 v - 4 potions of heal wounds
 z - 3 potions of curing
 A - 3 potions of cancellation
 D - 5 potions of attraction
 G - 2 potions of invisibility
 H - a potion of haste
 M - 4 potions of ambrosia
 Q - a potion of berserk rage
Miscellaneous
 L - a phial of floods
 U - a lightning rod (4/4)


   Skills:
 - Level 13.1(16.2) Fighting
 - Level 1.1(3.0) Short Blades
 - Level 6.0(9.2) Staves
 - Level 10.3(14.4) Dodging
 - Level 1.7(4.5) Stealth
 - Level 9.5(11.6) Shields
 - Level 11.4(14.5) Spellcasting
 + Level 15.6 Conjurations
 - Level 6.8 Hexes
 - Level 1.1(3.0) Necromancy
 - Level 3.0 Translocations
 + Level 16.2(19.2) Fire Magic
 - Level 7.6(10.8) Air Magic
 - Level 7.5(9.7) Evocations


You had one spell level left.
You knew the following spells:

 Your Spells              Type           Power      Damage    Failure   Level
a - Magic Dart            Conj           100%       1d8       0%          1
b - Searing Ray           Conj           100%       2d8       0%          2
c - Dazzling Flash        Conj/Hex       100%       N/A       1%          3
d - Fulminant Prism       Conj/Hex       33%        3d16      1%          4
e - Slow                  Hex            100%       N/A       1%          1
f - Blink                 Tloc           68%        N/A       1%          2
g - Iskenderun's Mystic   Conj/Tloc      61%        2d13      1%          4
h - Fireball              Conj/Fire      41%        3d17      1%          5
i - Starburst             Conj/Fire      41%        6d12      1%          6
j - Plasma Beam           Fire/Air       49%        2x1d69    1%          6
k - Iskenderun's Battles  Conj           79%        2d13      1%          5
l - Swiftness             Air            85%        N/A       1%          3
m - Sublimation of Blood  Necr           34%        N/A       1%          2

Your spell library contained the following spells:

 Spells                   Type           Power      Damage    Failure   Level
 Foxfire                  Conj/Fire      100%       2x1d9     0%          1
 Shock                    Conj/Air       100%       1d9       1%          1
 Cigotuvi's Dreadful Rot  Necr/Pois/Air  100%       N/A       1%          2
 Ensorcelled Hibernation  Hex/Ice        74%        N/A       1%          2
 Lesser Beckoning         Tloc           68%        N/A       1%          2
 Momentum Strike          Conj/Tloc      100%       3d10      1%          2
 Static Discharge         Conj/Air       100%       2-7/arc   1%          2
 Confusing Touch          Hex            53%        N/A       1%          3
 Vampiric Draining        Necr           34%        2d8       1%          3
 Airstrike                Air            42%        2d(7-23)  1%          4
 Summon Lightning Spire   Summ/Air       64%        N/A       2%          4
 Irradiate                Conj/Tmut      28%        3d21      2%          5
 Passwall                 Tmut/Erth      16%        N/A       3%          2
 Leda's Liquefaction      Hex/Erth       18%        N/A       5%          4
 Animate Dead             Necr           34%        N/A       7%          4
 Dispel Undead            Necr           34%        3d15      7%          4
 Petrify                  Tmut/Erth      20%        N/A       21%         4
 Borgnjor's Vile Clutch   Necr/Erth      13%        N/A       32%         5
 Lee's Rapid Deconstruct  Erth           10%        3d8*      45%         5
 Death Channel            Necr           17%        N/A       67%         6
 Fire Storm               Conj/Fire      41%        8d11      86%         9
 Statue Form              Tmut/Erth      13%        N/A       95%         6


Dungeon Overview and Level Annotations

Branches:
Dungeon (15/15)            Temple (1/1) D:4            Lair (5/5) D:8
 Shoals (4/4) Lair:2        Snake (4/4) Lair:3        Slime (0/5) Lair:5
    Orc (2/2) D:12            Elf (0/3) Orc:2        Vaults (0/5) D:13
 Depths (0/4) D:15          Sewer (visited)         Ossuary (visited)
Gauntlet (visited)

Altars:
Ashenzari
Cheibriados
Dithmenos
Elyvilon
Fedhas
Gozag
Hepliaklqana
Kikubaaqudgha
Makhleb
Nemelex Xobeh
Okawaru
Qazlal
Ru
Sif Muna
Trog
Uskayaw
Vehumet
Wu Jian
Xom
Yredelemnul
Zin
The Shining One
Jiyva
Lugonu

Shops:
D:1 *   D:6 *   D:10 !   D:12 (   Orc:2 [[*[   Shoals:2 (   Snake:2 [[?
Snake:3 [   Snake:4 [**(

Portals:
Abyss: Lair:5

Annotations:
D:10 2 transporters, 1 runed translucent door, cforsyth's ghost, journeyman FoFi
Shoals:4 Polyphemus


Innate Abilities, Weirdness & Mutations

You can breathe blasts of fire.
Your fiery red scales are hard. (AC +9)
You cannot fit into any form of body armour.
Your flesh is heat resistant. (rF+)
You are cold-blooded and may be slowed by cold attacks.


Message History

A merfolk comes into view. It is wielding a +0 trident.
The merfolk hits you but does no damage.
Polyphemus hits you!! Polyphemus hits you!
* * * LOW HITPOINT WARNING * * *
The merfolk hits you but does no damage.
The death yak gores you but does no damage.
The manticore bites you!
* * * LOW HITPOINT WARNING * * *
The manticore claws you but does no damage. x2
The merfolk throws a throwing net.
The throwing net hits you.
You become entangled in the net!
The death yak gores you!!
* * * LOW HITPOINT WARNING * * *
The merfolk hits you from afar with a +0 trident!
* * * LOW HITPOINT WARNING * * *
The merfolk hits you but does no damage.
Polyphemus hits you!
* * * LOW HITPOINT WARNING * * *
Polyphemus hits you but does no damage. The manticore bites you.
* * * LOW HITPOINT WARNING * * *
The manticore claws you but does no damage. x2
The death yak gores you.
* * * LOW HITPOINT WARNING * * *
The death yak gores you.
* * * LOW HITPOINT WARNING * * *
The merfolk hits you from afar with a +0 trident!
* * * LOW HITPOINT WARNING * * *
The merfolk impaler hits you but does no damage.
The merfolk avatar chants a haunting song.
You are unaffected.
The merfolk hits you from afar with a +0 trident!
* * * LOW HITPOINT WARNING * * *
The merfolk hits you from afar with a +0 glaive!
* * * LOW HITPOINT WARNING * * *
The death yak gores you but does no damage.
The merfolk hits you from afar with a +0 trident.
The death yak gores you but does no damage.
Polyphemus hits you but does no damage. Polyphemus hits you.
* * * LOW HITPOINT WARNING * * *
The manticore bites you!
You die...

* , ,~~ ~ ,,,,* *,
, ~ , ,,,
~~≈≈≈≈~~~P.* **,,,
~ , ~ ~≈≈≈≈≈≈P~P.
*,, ~ ,,, ~ ~
~~≈≈≈≈~~.. { {~ ~~
, * , ~
~~~~~~~..## , {~~
, * ~ ~~m~~~..PP#
, ~~
~~~~~~~~m...###..*
****, , ,
~~~~~~~...<...#* ,
, ,
~~~~~~~C@YmYm.# ~
,*, ~ ,,
~~~~~..HYm~..#~ *~
* .......m~)~..#
~~ , , *
.~~....~~~..##~
**~ , ***
.~~~~~~~~..## ~ *
, * *,.~~~~~~~..##
*~* , *
~~~~~~~~.## , ,
,~~~~~~~~<.# ~~ **
, ,,,, , ~ ** * *


You could see Polyphemus, a merfolk avatar, a merfolk impaler, 3 death yaks, 4
merfolk and a manticore.

Vanquished Creatures
  Nikola (Snake:3)
  Kirke (Shoals:3)
  2 nagarajas
  2 orc warlords
  A minotaur (Gauntlet)
  An ettin (Orc:2)
  4 merfolk impalers
  Fannar (Lair:1)
  A merfolk javelineer (Shoals:1)
  A fire dragon (D:13)
  5 hydras
  A merfolk avatar (Shoals:2)
  4 vault guards (D:13)
  A rakshasa (D:15)
  12 anacondas
  3 two-headed ogres
  2 salamander tyrants (Snake:4)
  5 centaur warriors
  5 catoblepae
  A merfolk aquamancer (Shoals:1)
  20 naga warriors
  A satyr (Shoals:3)
  A boulder beetle (D:13)
  An orc high priest (Orc:2)
  A death yak (Shoals:4)
  2 thrashing horrors (Lair:5)
  A tengu warrior (D:14)
  10 shock serpents
  9 naga sharpshooters
  3 skysharks
  Nergalle (Lair:3)
  6 salamander mystics
  Lodul (D:10)
  3 sea snakes
  7 naga ritualists
  2 deep elf pyromancers
  6 lindwurms
  3 harpies (Shoals:2)
  9 orc knights
  4 ugly things
  2 orc sorcerers
  A faun (shapeshifter) (D:15)
  14 mana vipers
  12 manticores
  A shining eye (shapeshifter) (Lair:5)
  2 oklob plants
  12 cyclopes
  5 elephants (Lair:5)
  25 salamanders
  14 fauns
  4 merfolk sirens
  2 water nymphs
  14 naga magi
  9 guardian serpents
  33 black mambas
  2 apocalypse crabs (Shoals:3)
  5 cane toads
  A torpor snail (Lair:5)
  2 gargoyles (D:13)
  2 smoke demons (Lair:5)
  2 freezing wraiths
  A rime drake (shapeshifter) (D:13)
  3 unseen horrors
  Maggie (D:7)
  A rime drake (Lair:5)
  2 kobold demonologists (D:11)
  5 yaktaurs (D:15)
  3 komodo dragons
  An efreet (D:15)
  An ancient zyme (Lair:5)
  10 merfolk
  6 trolls
  A queen bee (Gauntlet)
  A polar bear (shapeshifter) (D:14)
  5 hornets
  A polar bear (Lair:4)
  4 meliai
  A wind drake (Shoals:1)
  24 blink frogs
  6 dream sheep
  3 snapping turtles
  10 saltlings (Orc:2)
  The ghost of BlueFish the Sneak, an amateur OpTm (D:4)
  3 slime creatures
  7 shadows
  A spriggan (Lair:5)
  3 wraiths
  A centaur simulacrum (D:15)
  2 vampires
  3 water elementals
  A ynoxinul (Lair:5)
  47 yaks
  4 wyverns
  9 basilisks
  6 large abominations
  A yak (shapeshifter) (D:13)
  3 chaos spawn (Lair:5)
  3 hogs (Shoals:3)
  2 steam dragons (D:9)
  7 wargs
  Menkaure (D:6)
  11 vampire mosquitoes
  36 nagas
  3 swamp worms (Gauntlet)
  7 acid dragons
  12 water moccasins
  2 ice beasts
  21 orc warriors
  A sky beast (D:8)
  A black bear (D:7)
  19 ogres
  A boggart (D:13)
  10 wolves (Lair:1)
  2 centaurs
  An elf zombie (Ossuary)
  2 phantoms
  6 kobold brigands
  13 small abominations
  A gnoll sergeant (D:8)
  11 bullfrogs
  7 wights
  22 killer bees
  2 howler monkeys (D:12)
  4 electric eels
  A centaur zombie (Ossuary)
  2 hounds (D:6)
  A jelly (D:5)
  24 orc priests
  3 sleepcaps
  Ijyb (D:3)
  Natasha (D:2)
  5 iguanas
  16 orc wizards
  6 hell rats (Lair:4)
  3 mummies
  7 gnolls
  10 adders
  2 white imps (D:6)
  An ufetubus (D:7)
  An adder zombie (Ossuary)
  A worm (D:4)
  A dart slug (D:1)
  72 orcs
  2 ball pythons
  2 bats
  6 endoplasms
  4 giant cockroaches
  8 hobgoblins
  5 jackals
  4 quokkas
  A frilled lizard (D:2)
  12 goblins
  A goblin zombie (Ossuary)
  10 hobgoblin zombies (Ossuary)
  3 jackal zombies (Ossuary)
  39 kobolds
  6 kobold zombies (Ossuary)
  11 orc zombies (Ossuary)
  3 rats
  A rat zombie (Ossuary)
  2 pillars of salt (Orc:2)
977 creatures vanquished.

Vanquished Creatures (others)
  Aizul (Snake:2)
  Nessos (Lair:3)
  An anaconda (Snake:4)
  A naga warrior (Snake:4)
  A human (Shoals:3)
  A bush (Lair:5)
  39 fulminant prisms
  43 fungi
  4 pillars of salt (Orc:2)
  106 plants
198 creatures vanquished.

Grand Total: 1175 creatures vanquished

Notes
Turn   | Place    | Note
-------+----------+-------------------------------------------
     0 | D:1      | testman the Draconian Conjurer began the quest for the Orb.
     0 | D:1      | Reached XP level 1. HP: 14/14 MP: 3/3
   226 | D:1      | Reached XP level 2. HP: 20/20 MP: 1/5
   229 | D:1      | Learned a level 2 spell: Searing Ray
  1030 | D:1      | Found Byorghosa's General Store.
  1490 | D:2      | Noticed Natasha
  1502 | D:2      | Killed Natasha
  1503 | D:2      | Reached XP level 3. HP: 14/26 MP: 1/7
  1507 | D:2      | Learned a level 3 spell: Dazzling Flash
  1900 | D:3      | Noticed Ijyb
  1901 | D:3      | Reached skill level 1 in Hexes
  1909 | D:3      | Killed Ijyb
  1910 | D:3      | Reached XP level 4. HP: 20/33 MP: 4/8
  1997 | D:3      | Found a sacrificial altar of Ru.
  2004 | D:3      | Found a bloodstained altar of Trog.
  2007 | D:3      | Found a white marble altar of Elyvilon.
  2009 | D:3      | Found a broken altar of Ashenzari.
  2014 | D:3      | Found a shadowy altar of Dithmenos.
  2018 | D:3      | Became a worshipper of Ashenzari the Shackled
  2103 | D:3      | Reached XP level 5. HP: 20/38 MP: 1/9
  2229 | D:3      | Found a glowing drain.
  2235 | Sewer    | Entered a sewer
  2318 | Sewer    | Noticed a water moccasin
  2334 | Sewer    | Killed a water moccasin
  2335 | Sewer    | Reached skill level 1 in Fighting
  2335 | Sewer    | Reached XP level 6. HP: 11/47 MP: 0/10
  2914 | D:4      | Found a runed translucent gate.
  2914 | D:4      | Found a runed translucent gate.
  2915 | D:4      | Found a runed translucent gate.
  2915 | D:4      | Noticed BlueFish's ghost (amateur OpTm)
  3060 | D:4      | Reached skill level 5 in Conjurations
  3204 | D:4      | Found an opulent altar of Gozag.
  3267 | D:4      | Found a staircase to the Ecumenical Temple.
  3666 | D:5      | Entered Level 5 of the Dungeon
  3746 | D:5      | Found a snail-covered altar of Cheibriados.
  4011 | D:5      | Reached * piety under Ashenzari
  4036 | D:5      | Your scales start taking on a fiery red colour.
  4036 | D:5      | Reached XP level 7. HP: 57/57 MP: 7/13
  4036 | D:5      | Gained mutation: Your flesh is heat resistant. (rF+) [Red
                  | Draconian growth]
  4043 | D:5      | Learned a level 4 spell: Fulminant Prism
  4430 | D:5      | Learned a level 1 spell: Slow
  4602 | Temple   | Entered the Ecumenical Temple
  4819 | D:6      | Reached ** piety under Ashenzari
  4942 | D:6      | Noticed Menkaure
  4951 | D:6      | Killed Menkaure
  5140 | D:6      | Found Fiynladafaro's General Store.
  5279 | D:6      | Reached XP level 8. HP: 67/67 MP: 7/16
  5429 | D:6      | Reached *** piety under Ashenzari
  5452 | D:6      | Reached skill level 1 in Translocations
  6106 | D:7      | Found a sand-covered staircase.
  6114 | Ossuary  | Entered an ossuary
  6648 | D:7      | Noticed a hornet
  6655 | D:7      | Killed a hornet
  6683 | D:7      | Reached skill level 5 in Spellcasting
  6704 | D:7      | Reached skill level 5 in Hexes
  6715 | D:7      | Reached XP level 9. HP: 42/75 MP: 2/18
  6893 | D:7      | Learned a level 2 spell: Blink
  6898 | D:7      | Learned a level 4 spell: Iskenderun's Mystic Blast
  7017 | D:7      | Reached skill level 5 in Fighting
  7264 | D:7      | Noticed Maggie
  7297 | D:7      | Killed Maggie
  7298 | D:7      | Reached skill level 5 in Dodging
  7985 | D:8      | Reached **** piety under Ashenzari
  8038 | D:8      | Reached XP level 10. HP: 77/88 MP: 3/22
  8151 | D:8      | Found a staircase to the Lair.
  8591 | D:8      | Noticed a two-headed ogre
  8596 | D:8      | Killed a two-headed ogre
  9912 | D:10     | Entered Level 10 of the Dungeon
  9993 | D:10     | Noticed Lodul
 10127 | D:10     | Killed Lodul
 10128 | D:10     | Reached XP level 11. HP: 91/99 MP: 9/24
 10307 | D:10     | Noticed a centaur warrior
 10309 | D:10     | Noticed a skeletal warrior
 10357 | D:10     | Found a transporter.
 10361 | D:10     | Noticed a centaur warrior
 10366 | D:10     | Noticed a two-headed ogre
 10367 | D:10     | Noticed cforsyth's ghost (journeyman FoFi)
 10398 | D:10     | Reached ***** piety under Ashenzari
 10645 | D:10     | Found a runed translucent door.
 10646 | D:10     | Noticed an ice dragon
 10743 | D:10     | Noticed a white ugly thing
 10847 | D:10     | Found a transporter.
 10890 | D:10     | Found Holiw's Distillery.
 11141 | D:11     | Learned a level 5 spell: Fireball
 11169 | D:11     | Reached skill level 1 in Fire Magic
 11173 | D:11     | Reached skill level 2 in Fire Magic
 11244 | D:11     | Reached skill level 3 in Fire Magic
 11262 | D:11     | Noticed a cyan ugly thing
 11280 | D:11     | Reached skill level 4 in Fire Magic
 11291 | D:11     | Reached skill level 5 in Fire Magic
 11471 | D:11     | Killed a cyan ugly thing
 11518 | D:10     | Reached skill level 6 in Fire Magic
 11717 | D:11     | Reached skill level 7 in Fire Magic
 11742 | D:11     | Learned a level 6 spell: Starburst
 12110 | D:12     | Found a staircase to the Orcish Mines.
 12252 | D:12     | Reached skill level 1 in Shields
 12451 | D:12     | Noticed a deep elf pyromancer
 12451 | D:12     | Identified the -1 pair of boots "Odair" {MP+9 Dex-4 SInv}
 12454 | D:12     | Killed a deep elf pyromancer
 12805 | D:12     | Reached skill level 8 in Fire Magic
 13180 | D:12     | Reached XP level 12. HP: 51/110 MP: 0/26
 13358 | D:12     | Found Liriadd's Antique Weapon Emporium.
 13641 | D:4      | Killed BlueFish's ghost
 13818 | Lair:1   | Entered Level 1 of the Lair of Beasts
 13818 | Lair:1   | Noticed a catoblepas
 13837 | Lair:1   | Killed a catoblepas
 14472 | Lair:1   | Noticed Fannar
 14475 | Lair:1   | Killed Fannar
 14664 | Lair:1   | Reached skill level 10 in Conjurations
 14775 | Lair:1   | Reached skill level 9 in Fire Magic
 15453 | Lair:2   | Reached skill level 10 in Fighting
 15651 | Lair:2   | Noticed a catoblepas
 15667 | Lair:2   | Killed a catoblepas
 15720 | Lair:2   | Reached skill level 5 in Shields
 16259 | Lair:2   | Found a staircase to the Shoals.
 16366 | Lair:2   | Learned a level 6 spell: Plasma Beam
 16384 | Lair:2   | Noticed a four-headed hydra
 16745 | Lair:3   | Found a staircase to the Snake Pit.
 16828 | Lair:3   | Killed a four-headed hydra
 16829 | Lair:3   | Reached skill level 1 in Air Magic
 16829 | Lair:3   | Reached XP level 13. HP: 93/119 MP: 6/28
 17423 | Lair:3   | Noticed Nessos
 17429 | Lair:3   | Killed Nessos
 17432 | Lair:3   | Noticed Nergalle
 17445 | Lair:3   | Killed Nergalle
 18405 | Lair:4   | Reached skill level 1 in Short Blades
 18407 | Lair:4   | Reached skill level 10 in Fire Magic
 18407 | Lair:4   | Reached skill level 1 in Evocations
 19309 | Lair:5   | Entered Level 5 of the Lair of Beasts
 21138 | Lair:5   | Reached XP level 14. HP: 43/129 MP: 17/29
 21362 | Lair:5   | Found a staircase to the Slime Pits.
 21362 | Lair:5   | Found a viscous altar of Jiyva.
 22024 | Lair:5   | Found a corrupted altar of Lugonu.
 22024 | Lair:5   | Found a one-way gate to the infinite horrors of the Abyss.
 22376 | Orc:1    | Entered Level 1 of the Orcish Mines
 22382 | Orc:1    | Noticed an orc warlord
 22662 | D:12     | Killed an orc warlord
 22663 | D:12     | Reached skill level 11 in Fire Magic
 23218 | Orc:1    | Found a burning altar of Makhleb.
 23309 | Orc:1    | Reached skill level 10 in Spellcasting
 23673 | Orc:2    | Entered Level 2 of the Orcish Mines
 23673 | Orc:2    | Found a gate leading to a gauntlet.
 23678 | Gauntlet | Entered a Gauntlet
 23678 | Gauntlet | Found a transporter.
 23711 | Gauntlet | Found a transporter.
 23714 | Gauntlet | Found a transporter.
 23715 | Gauntlet | Found a transporter.
 23719 | Gauntlet | Found a runed translucent door.
 23721 | Gauntlet | Found a runed translucent door.
 23723 | Gauntlet | Found a transporter.
 23726 | Gauntlet | Found a transporter.
 23727 | Gauntlet | Found a transporter.
 23739 | Gauntlet | Found a transporter.
 23740 | Gauntlet | Found a transporter.
 23744 | Gauntlet | Found a transporter.
 23751 | Gauntlet | Found a transporter.
 23752 | Gauntlet | Found a transporter.
 23760 | Gauntlet | Found a transporter.
 23760 | Gauntlet | Identified the staff of conjuration "Oluotani" {*Corrode
                  | rElec MP+9}
 23784 | Gauntlet | Found a transporter.
 24510 | Gauntlet | Upgraded the game from 0.30-a0-989-g0d87f670db to
                  | 0.30-a0-996-ga6910c8ee8
 25038 | Orc:2    | Found a staircase to the Elven Halls.
 25272 | Orc:2    | Noticed an orc warlord
 25275 | Orc:2    | Killed an orc warlord
 25487 | Orc:2    | Reached skill level 1 in Staves
 25500 | Orc:2    | Paralysed by an orc sorcerer for 2 turns
 25856 | Orc:2    | Found Cuacreh's Armour Shop.
 26002 | Orc:2    | Found Byiweos's Antique Armour Shoppe.
 26004 | Orc:2    | Found Ovi Ped's General Store.
 26024 | Orc:2    | Found Ixkudary's Armour Shoppe.
 26579 | D:13     | Reached skill level 5 in Air Magic
 26828 | D:13     | Reached skill level 5 in Evocations
 27013 | D:13     | Reached XP level 15. HP: 137/137 MP: 19/31
 27215 | D:13     | Found a gate to the Vaults.
 27361 | D:13     | Identified the +4 broad axe "Vaokloh" {pain, MP-9 Str+4}
 29678 | D:15     | Entered Level 15 of the Dungeon
 29724 | D:15     | Found a staircase to the Depths.
 30432 | D:15     | Reached skill level 12 in Fire Magic
 30698 | D:15     | Found a sparkling altar of Nemelex Xobeh.
 31389 | Snake:1  | Entered Level 1 of the Snake Pit
 34209 | Snake:2  | Found Nijoshr Nitiy's Antique Armour Shoppe.
 34219 | Snake:2  | Found Tischos's Magic Scroll Shoppe.
 34223 | Snake:2  | Bought a scroll of acquirement for 780 gold pieces
 34223 | Snake:2  | Acquired the Omnibus of the Impact
 34231 | Snake:2  | Learned a level 5 spell: Iskenderun's Battlesphere
 34399 | Snake:2  | Found Hycuj's Armour Boutique.
 34401 | Snake:2  | Noticed Aizul
 34414 | Snake:2  | Killed Aizul
 34418 | Snake:2  | Reached XP level 16. HP: 50/147 MP: 26/33
 35929 | Snake:3  | Found a blossoming altar of Fedhas.
 36295 | Snake:3  | Found Wahedoyb's Antique Armour Emporium.
 36300 | Snake:3  | Reached skill level 5 in Staves
 36771 | Snake:3  | Noticed Nikola
 36892 | Snake:3  | Killed Nikola
 37178 | Snake:3  | Reached skill level 10 in Dodging
 37891 | Snake:3  | Acquired 553 gold pieces
 38040 | Snake:4  | Entered Level 4 of the Snake Pit
 38040 | Snake:4  | Found Joowipac's Weapon Boutique.
 38231 | Snake:4  | Found Femied's General Store.
 38305 | Snake:4  | Reached skill level 13 in Fire Magic
 38597 | Snake:4  | Identified the +1 robe of Melancholy {Int-2 Dex+6 Stlth+}
 38618 | Snake:4  | Found Foaq's Antique Armour Boutique.
 39002 | Snake:4  | Found Soqaiste's General Store.
 39188 | Snake:4  | Learned a level 3 spell: Swiftness
 39549 | Snake:4  | Reached XP level 17. HP: 156/156 MP: 24/34
 39771 | Snake:4  | Reached skill level 14 in Fire Magic
 40653 | Snake:4  | Got a serpentine rune of Zot
 40963 | Shoals:1 | Entered Level 1 of the Shoals
 41220 | Shoals:1 | Reached skill level 15 in Fire Magic
 41736 | Shoals:2 | Reached skill level 15 in Conjurations
 42022 | Shoals:2 | Learned a level 2 spell: Sublimation of Blood
 42129 | Shoals:2 | Reached skill level 1 in Necromancy
 42214 | Shoals:2 | Found Jutwan's Weapon Emporium.
 42466 | Shoals:3 | Noticed Kirke
 42524 | Shoals:3 | Killed Kirke
 42720 | Shoals:3 | Reached skill level 16 in Fire Magic
 43444 | Shoals:4 | Entered Level 4 of the Shoals
 43444 | Shoals:4 | Noticed Polyphemus
 43457 | Shoals:4 | HP: 5/158 [merfolk/+0 glaive[a merfolk impaler] (6)]
 43457 | Shoals:4 | Slain by a manticore

Illustrated notes

Levels and vault maps discovered:
D:1:      reono_arrival_mine, layout_basic, serial_shops, nicolae_square_shop
D:2:      layout_rooms, uniq_natasha
D:3:      layout_rooms, nicolae_overflow_hallway_of_the_gods,
          gup_sewer_entry_bubbles, kennysheep_generic_room_11, uniq_ijyb
D:4:      layout_loops_ring, grunt_gozag_statues, minmay_temple_entry_mist,
          gammafunk_ghost_nasty_kobolds
D:5:      layout_cave_pools, slow_altar_1
D:6:      layout_basic, serial_shops, kennysheep_mini, uniq_menkaure
D:7:      layout_loops_ring, nicolae_ossuary_entry_ruins, enter_bailey_5,
          uniq_maggie
D:8:      layout_basic, erik_lair_orcish_takeover
D:9:      corexii_shack_village, layout_loops_ring
D:10:     layout_basic, nzn_ghost_randoct, serial_shops, kennysheep_mini_moat,
          minivault_13, uniq_lodul
D:11:     layout_rooms
D:12:     layout_gridville, orc_0_dummy, serial_shops, shop
D:13:     layout_cave_pools, lightli_vaults_fourway_checkpoint,
          minmay_hollow_rounded_squares
D:14:     layout_layer_cave, hangedman_abyss_or_decor_stagger
D:15:     hangedman_depths_entry_try_elsewhere_first, layout_stronghold,
          nemelex_diamond_rough_becter
Temple:   nicolae_temple_superstar
Lair:1:   layout_regular_city, wad_woods_river_01, uniq_fannar
Lair:2:   layout_small_grid, elwin_shoals_entry_rooms
Lair:3:   layout_regular_city, dummy_snake_entry,
          chequers_serial_rivers_small_b, uniq_nessos, uniq_nergalle
Lair:4:   layout_layer_cave
Lair:5:   hellmonk_lair_end_abyssal_woods, layout_regular_city, slime_entry_1
Shoals:1: layout_shoals
Shoals:2: layout_shoals, serial_shops, nicolae_shop_hallway_plus,
          nicolae_shoals_arrival_archipelago
Shoals:3: dreamdust_from_the_deep, layout_shoals, uniq_kirke
Shoals:4: shoals_end_hangedman, layout_shoals, serial_shops, shop,
          uniq_polyphemus
Snake:1:  layout_basic, special_room, lemuel_fruit_tree, nicolae_integral_box,
          serial_bayou_shore_b
Snake:2:  layout_onion_interference, serial_shops,
          nicolae_shop_temple_entry_statues_fountains, serial_bayou_shore_a,
          grunt_megastairs_3, minmay_shop_star, uniq_aizul
Snake:3:  cheibrodos_snake_ritualist_ritual, layout_gridlike, basic_altar,
          serial_shops, nicolae_shop_window_shopping, uniq_nikola
Snake:4:  snake_pit_salamanders_mu, layout_concentric_octagons, serial_shops,
          nicolae_shop_waterfront, nicolae_shop_hallway_stairs, shop_fountains,
          nicolae_shop_waterfront
Orc:1:    layout_diamond_mine, david_defended_altar_orc
Orc:2:    hellmonk_orc_salted, layout_caves, gauntlet_entry_generic

Skill      XL: |  1  2  3  4  5  6  7  8  9 10 11 12 13 14 15 16 17 |
---------------+----------------------------------------------------+-----
Spellcasting   | 3 4 5 6 7 8 9 10 11 | 11.4
Hexes          | 1 2 3 4 5 6 |  6.8
Fighting       | 1 2 3 4 6 7 8 10 11 12 13 | 13.1
Dodging        | 2 3 4 5 6 7 8 9 10 | 10.3
Conjurations   | 5 6 7 8 9 10 11 12 13 15 | 15.6
Translocations | 2 3 |  3.0
Fire Magic     | 8 9 10 11 12 13 16 | 16.2
Shields        | 2 5 6 7 8 9 |  9.5
Air Magic      | 1 3 5 6 7 |  7.6
Short Blades   | 1 |  1.1
Evocations     | 3 5 6 7 |  7.5
Staves         | 2 4 6 |  6.0
Necromancy     | 1 |  1.1
Stealth        | |  1.7

Action                     |  1- 3 |  4- 6 |  7- 9 | 10-12 | 13-15 | 16-18 || total
---------------------------+-------+-------+-------+-------+-------+-------++-------
  Melee: Tailslap          |     3 |     8 |    18 |    68 |    61 |     5 ||   163
         Unarmed           |     1 |       |       |       |       |       ||     1
         Rapier            |     7 |    16 |       |       |       |       ||    23
         Short sword       |     3 |       |       |       |       |       ||     3
         Dagger            |       |    39 |    88 |   356 |    59 |       ||   542
         Punch             |       |       |     1 |     7 |       |       ||     8
         Staff             |       |       |       |       |   256 |    36 ||   292
   Cast: Magic Dart        |    41 |    27 |    64 |    20 |     8 |    42 ||   202
         Searing Ray       |     6 |    16 |    34 |    60 |    11 |    52 ||   179
         Dazzling Flash    |       |     1 |     2 |     5 |       |       ||     8
         Fulminant Prism   |       |       |     9 |    16 |    12 |     2 ||    39
         Iskenderun's Myst |       |       |       |    18 |    25 |    40 ||    83
         Fireball          |       |       |       |    46 |    90 |    30 ||   166
         Starburst         |       |       |       |     9 |    36 |     7 ||    52
         Slow              |       |       |       |     1 |     1 |       ||     2
         Plasma Beam       |       |       |       |     3 |   224 |   197 ||   424
         Blink             |       |       |       |     2 |     1 |       ||     3
         Iskenderun's Batt |       |       |       |       |     1 |    40 ||    41
 Invoke: Curse Item        |       |     2 |     4 |     4 |     1 |     2 ||    13
         Shatter the Chain |       |       |       |     2 |     1 |     2 ||     5
Ability: Breathe Fire      |       |       |    26 |    20 |     7 |     1 ||    54
    Use: Potion            |     1 |     3 |       |     1 |     6 |     3 ||    14
         Scroll            |       |       |     1 |     2 |     2 |     1 ||     6
   Stab: Sleeping          |       |     2 |     1 |     4 |       |       ||     7
         Invisible         |       |       |     2 |     1 |       |       ||     3
         Paralysed         |       |       |       |       |     4 |       ||     4
 Armour: Skin              |     1 |    31 |    34 |   128 |   116 |    75 ||   385
  Dodge: Dodged            |    14 |    49 |   135 |   413 |   272 |   124 ||  1007
  Block: Other             |       |       |    41 |    73 |       |       ||   114
         Reflection        |       |       |     1 |     4 |    44 |    16 ||    65
         Kite shield       |       |       |       |   216 |   456 |   142 ||   814

Table legend: (Time is in decaauts)
 A = Elapsed time spent in this place.
 B = Non-inter-level travel time spent in this place.
 C = Inter-level travel time spent in this place.
 D = Time resting spent in this place.
 E = Time spent auto-exploring this place.
 F = Levels seen in this place.
 G = Mean time per level.
                   A        B        C        D        E       F      G
               +--------+--------+--------+--------+--------+-----+--------+
         Total |  43915 |  41764 |   2151 |   6362 |  29249 |  34 | 1291.6 |
       Dungeon |  18600 |  17331 |   1269 |   2415 |  12457 |  15 | 1240.0 |
        Temple |    139 |    113 |     26 |      0 |    100 |   1 |  139.0 |
          Lair |   8977 |   8645 |    332 |   1178 |   6205 |   5 | 1795.4 |
        Shoals |   2373 |   2261 |    112 |    136 |   1821 |   4 |  593.2 |
     Snake Pit |   9472 |   9177 |    295 |   2027 |   5857 |   4 | 2368.0 |
  Orcish Mines |   2735 |   2621 |    114 |    338 |   1894 |   2 | 1367.5 |
         Sewer |    301 |    301 |      0 |     28 |    202 |   1 |  301.0 |
       Ossuary |    475 |    475 |      0 |     71 |    214 |   1 |  475.0 |
      Gauntlet |    839 |    839 |      0 |    169 |    498 |   1 |  839.0 |
               +--------+--------+--------+--------+--------+-----+--------+

Top non-repeatable levels by time:
  Lair:5: 2870 daAuts
 Snake:4: 2859 daAuts
 Snake:1: 2789 daAuts
    D:12: 2597 daAuts
 Snake:2: 1988 daAuts
  Lair:2: 1934 daAuts
 Snake:3: 1834 daAuts
    D:15: 1546 daAuts
  Lair:4: 1397 daAuts
  Lair:3: 1393 daAuts
     D:9: 1388 daAuts
   Orc:1: 1382 daAuts
  Lair:1: 1380 daAuts
    D:13: 1354 daAuts
   Orc:2: 1352 daAuts
